 Dungeon Crawl Stone Soup version 0.28.0-45-g0d030f2227 (webtiles) character file.

Game seed: 17293194459645258391

200 Ablot the Cutter (level 5, -3/47 HPs)
             Began as a Gnoll Chaos Knight on Apr 11, 2022.
             Was a Plaything of Xom.
             Slain by an orc
             ... wielding a +0 mace
              (6 damage)
             ... on level 4 of the Dungeon.
             The game lasted 00:03:30 (3064 turns).

Ablot the Cutter (Gnoll Chaos Knight)               Turns: 3064, Time: 00:03:31

Health: -3/47      AC:  4    Str: 19      XL:     5   Next: 79%
Magic:  7/7        EV: 12    Int:  8 (9)  God:    Xom [.....*]
Gold:   13         SH:  0    Dex: 12      Spells: 7/7 levels left

rFire   . . .      SeeInvis +   a - +0 short sword (chaos)
rCold   . . .      Faith    .   (no shield)
rNeg    . . .      Spirit   .   b - +2 leather armour
rPois   .          Reflect  .   (no helmet)
rElec   .          Harm     .   (no cloak)
rCorr   .          Rampage  .   (no gloves)
Will    .....                   (no boots)
Stlth   ++........              (no amulet)
HPRegen 0.15/turn               g - ring of see invisible
MPRegen 0.10/turn               f - +6 ring of strength

@: no status effects
A: fangs 1, strong nose, distributed training, deformed body, deterioration 1,
dopey 1, sturdy frame 1
a: Renounce Religion


You were on level 4 of the Dungeon.
You worshipped Xom.
You were Xom's teddy bear.
You visited 1 branch of the dungeon, and saw 4 of its levels.

You collected 117 gold pieces.
You spent 104 gold pieces at shops.

Inventory:

Hand Weapons
 a - a +0 short sword of chaos (weapon)
Missiles
 c - 136 stones
 d - 4 curare-tipped darts (quivered)
 o - 4 poisoned darts
 q - 10 bolts
Armour
 b - a +2 leather armour (worn)
Jewellery
 e - a ring of wizardry
 f - a +6 ring of strength (right hand)
 g - a ring of see invisible (left hand)
 t - a ring of willpower
Wands
 m - a wand of iceblast (5)
Scrolls
 h - a scroll of noise {unknown}
 i - a scroll of summoning {unknown}
 k - a scroll of blinking {unknown}
 n - 2 scrolls of teleportation {unknown}
 p - 2 scrolls of brand weapon {unknown}
 s - a scroll of identify {unknown}
Potions
 j - 2 potions of curing
 l - a potion of experience {unknown}


   Skills:
 + Level 6.7 Fighting
 + Level 6.7 Short Blades
 + Level 1.6 Long Blades
 + Level 1.6 Axes
 + Level 1.6 Maces & Flails
 + Level 1.6 Polearms
 + Level 1.6 Staves
 + Level 1.6 Slings
 + Level 1.6 Bows
 + Level 1.6 Crossbows
 + Level 1.6 Throwing
 + Level 4.8 Armour
 + Level 3.0 Dodging
 + Level 1.6 Stealth
 + Level 1.6 Shields
 + Level 1.6 Unarmed Combat
 + Level 1.6 Spellcasting
 + Level 1.3 Conjurations
 + Level 1.3 Hexes
 + Level 1.3 Summonings
 + Level 1.3 Necromancy
 + Level 1.3 Translocations
 + Level 1.3 Transmutations
 + Level 1.3 Fire Magic
 + Level 1.3 Ice Magic
 + Level 1.3 Air Magic
 + Level 1.3 Earth Magic
 + Level 1.3 Poison Magic
 + Level 1.8 Invocations
 + Level 1.6 Evocations


You had 7 spell levels left.
You didn't know any spells.
Your spell library contained the following spells:

 Spells                   Type           Power      Damage    Failure   Level
 Dazzling Flash           Conj/Hex       4%         N/A       56%         3
 Iskenderun's Mystic Bla  Conj/Tloc      2%         2d3       92%         4
 Freezing Cloud           Conj/Ice/Air   1%         6-21      99%         5
 Simulacrum               Ice/Necr       1%         N/A       100%        6
 Starburst                Conj/Fire      1%         6d3       100%        6
 Polar Vortex             Ice            1%         N/A       100%        9


Dungeon Overview and Level Annotations

Branches:
Dungeon (4/15)
 Temple: D:4-7

Altars:
Ashenzari

Shops:
D:1 !   D:3 !


Innate Abilities, Weirdness & Mutations

You have very sharp teeth.
Your uncanny sense of smell can sniff out nearby items.
Your experience applies equally to all skills.
Armour fits poorly on your strangely shaped body.
Your body sometimes deteriorates upon taking damage.
You are dopey. (Int -2)
Your movements are slightly less encumbered by armour. (ER -2)


Message History

The orc hits you with a +0 dagger. The quokka misses you.
You hit the adder. You burn the adder. Your punch misses the adder.
The adder is almost dead.
The adder barely misses you. The orc closely misses you.
The orc barely misses you.
You miss the adder.
The adder is almost dead.
The quokka closely misses you. The adder closely misses you.
The orc priest miscasts a cantrip.
The orc hits you with a +0 mace.
You closely miss the adder. You bite the adder.
You kill the adder!
The quokka closely misses you. The orc hits you with a +0 dagger.
* * * LOW HITPOINT WARNING * * *
The orc closely misses you.
Things that are here:
a scroll labelled QUATASO HA VIQ; an adder corpse The orc barely misses you.
The orc hits you but does no damage. The quokka closely misses you.
You closely miss the orc priest. You punch the orc priest.
The orc priest is almost dead.
The orc priest hits you with a +0 hand axe.
* * * LOW HITPOINT WARNING * * *
The orc hits you but does no damage. x2; The quokka closely misses you.
You hit the orc priest but do no damage.
The orc priest is almost dead.
Xom's power flows through you! A chill wind blows around you.
You are now Xom's teddy bear.
The orc priest invokes the aid of Beogh against you.
Pain shoots through your body!
* * * LOW HITPOINT WARNING * * *
The orc hits you with a +0 mace.
* * * LOW HITPOINT WARNING * * *
You hit the orc priest.
You kill the orc priest!
The quokka bites you.
* * * LOW HITPOINT WARNING * * *
The orc closely misses you. The orc hits you with a +0 mace.
You die...

......# ..
.....#..#
.....#..# ......
##.... #.Y.#
#.oo# #.o@#
###†r.# ..
###....####♣
....#..........♣
...........?♣♣.♣
...#.#....♣♣♣ #
#.#....PP♣♣♣≈≈≈
##.......≈≈≈≈≈.≈
##.......♣P♣≈≈≈≈.


You could see 3 orcs, a quokka and a friendly ice beast (summoned).

Vanquished Creatures
  A black bear (D:4)
  An orc priest (D:4)
  A hound skeleton (D:4)
  5 adders
  2 dart slugs
  6 ball pythons
  4 bats (D:1)
  2 endoplasms
  A giant cockroach (D:3)
  6 goblins
  4 hobgoblins
  6 jackals (D:3)
  2 kobolds
  5 quokkas
  2 frilled lizards
  2 rats
50 creatures vanquished.

Vanquished Creatures (others)
  4 plants (D:4)
4 creatures vanquished.

Grand Total: 54 creatures vanquished

Notes
Turn   | Place    | Note
-------+----------+-------------------------------------------
     0 | D:1      | Ablot the Gnoll Chaos Knight began the quest for the Orb.
     0 | D:1      | Reached XP level 1. HP: 23/23 MP: 1/1
    83 | D:1      | Reached XP level 2. HP: 29/29 MP: 2/2
   102 | D:1      | Found Boru's Distillery.
   278 | D:1      | XOM: silly message
   423 | D:1      | Found a faded altar of an unknown god.
   555 | D:1      | XOM: silly message
   685 | D:2      | Found a broken altar of Ashenzari.
   863 | D:2      | Reached XP level 3. HP: 35/35 MP: 3/3
  1011 | D:2      | XOM: give mutation
  1011 | D:2      | Gained mutation: Armour fits poorly on your strangely
                  | shaped body. [Xom's mischief]
  1141 | D:2      | XOM: give mutations
  1141 | D:2      | Gained mutation: Your body sometimes deteriorates upon
                  | taking damage. [Xom's mischief]
  1141 | D:2      | Gained mutation: Your movements are slightly less
                  | encumbered by armour. (ER -2) [Xom's mischief]
  1141 | D:2      | Gained mutation: You are dopey. (Int -2) [Xom's mischief]
  1338 | D:2      | XOM: 2-stop teleportation journey
  1472 | D:2      | Reached skill level 1 in Invocations
  1943 | D:3      | Reached skill level 1 in Long Blades
  1943 | D:3      | Reached skill level 1 in Axes
  1943 | D:3      | Reached skill level 1 in Maces & Flails
  1943 | D:3      | Reached skill level 1 in Polearms
  1943 | D:3      | Reached skill level 1 in Staves
  1943 | D:3      | Reached skill level 1 in Slings
  1943 | D:3      | Reached skill level 1 in Bows
  1943 | D:3      | Reached skill level 1 in Crossbows
  1943 | D:3      | Reached skill level 1 in Throwing
  1943 | D:3      | Reached skill level 1 in Stealth
  1943 | D:3      | Reached skill level 1 in Shields
  1943 | D:3      | Reached skill level 1 in Unarmed Combat
  1943 | D:3      | Reached skill level 1 in Spellcasting
  1943 | D:3      | Reached skill level 1 in Evocations
  2022 | D:3      | Reached XP level 4. HP: 41/41 MP: 5/5
  2756 | D:3      | Found Piesaulass's Distillery.
  2759 | D:3      | Bought a potion of curing for 39 gold pieces
  2759 | D:3      | Bought a potion of heal wounds for 65 gold pieces
  2917 | D:4      | XOM: confusion
  2922 | D:4      | Reached skill level 1 in Conjurations
  2922 | D:4      | Reached skill level 1 in Hexes
  2922 | D:4      | Reached skill level 1 in Summonings
  2922 | D:4      | Reached skill level 1 in Necromancy
  2922 | D:4      | Reached skill level 1 in Translocations
  2922 | D:4      | Reached skill level 1 in Transmutations
  2922 | D:4      | Reached skill level 1 in Fire Magic
  2922 | D:4      | Reached skill level 1 in Ice Magic
  2922 | D:4      | Reached skill level 1 in Air Magic
  2922 | D:4      | Reached skill level 1 in Earth Magic
  2922 | D:4      | Reached skill level 1 in Poison Magic
  2972 | D:4      | Noticed a black bear
  2987 | D:4      | Killed a black bear
  2988 | D:4      | Reached XP level 5. HP: 47/47 MP: 5/7
  3002 | D:4      | XOM: noise
  3063 | D:4      | XOM: cast spell 'Summon Ice Beast'
  3064 | D:4      | Slain by an orc

Illustrated notes

Levels and vault maps discovered:
D:1:      dpeg_arrival_leaves_temple_mockup, layout_loops_ring,
          shapermc_ecumenical_altar_ellora, serial_shops,
          nicolae_shop_temple_entry_statues_fountains
D:2:      layout_basic, basic_altar, minmay_misc_feat_cross
D:3:      wander_river, layout_basic, serial_shops, nicolae_shop_behind_doors
D:4:      layout_rooms, serial_bayou, serial_bayou_shore_b, serial_bayou_lake_a,
          serial_bayou_crossing, serial_bayou_pond_d,
          chequers_serial_rivers_marsh, nicolae_take_the_stairs,
          patterned_corridor

Skill      XL: |  1  2  3  4 |
---------------+-------------+-----
Invocations    | 1 |  1.8
Long Blades    | 1 |  1.6
Axes           | 1 |  1.6
Maces & Flails | 1 |  1.6
Polearms       | 1 |  1.6
Staves         | 1 |  1.6
Slings         | 1 |  1.6
Bows           | 1 |  1.6
Crossbows      | 1 |  1.6
Throwing       | 1 |  1.6
Stealth        | 1 |  1.6
Shields        | 1 |  1.6
Unarmed Combat | 1 |  1.6
Spellcasting   | 1 |  1.6
Evocations     | 1 |  1.6
Conjurations   | 1 |  1.3
Hexes          | 1 |  1.3
Summonings     | 1 |  1.3
Necromancy     | 1 |  1.3
Translocations | 1 |  1.3
Transmutations | 1 |  1.3
Fire Magic     | 1 |  1.3
Ice Magic      | 1 |  1.3
Air Magic      | 1 |  1.3
Earth Magic    | 1 |  1.3
Poison Magic   | 1 |  1.3
Dodging        | 3 |  3.0
Fighting       | |  6.7
Short Blades   | |  6.7
Armour         | |  4.8

Action                   |  1- 3 |  4- 6 || total
-------------------------+-------+-------++-------
Melee: Short sword       |    88 |    64 ||   152
       Bite              |     7 |     6 ||    13
       Punch             |       |     1 ||     1
Throw: Dart              |       |     5 ||     5
  Use: Potion            |       |     1 ||     1
Armor: Leather armour    |    28 |    31 ||    59
Dodge: Dodged            |    52 |    70 ||   122
